 Dungeon Crawl Stone Soup version 0.21.0 (webtiles) character file.

112 AgrsvlyMoist the Chiller (level 4, 0/24 HPs)
             Began as a Deep Elf Ice Elementalist on July 27, 2018.
             Slain by a kobold
             ... wielding a +0 dagger
              (3 damage)
             ... on level 3 of the Dungeon.
             The game lasted 00:09:45 (2593 turns).

AgrsvlyMoist the Chiller (DEIE)                     Turns: 2593, Time: 00:09:45

Health: 0/24       AC:  6    Str:  5    XL:     4   Next: 63%
Magic:  3/11       EV: 13    Int: 21    God:
Gold:   90         SH:  0    Dex: 15    Spells: 3/9 levels left

rFire    . . .     SeeInvis .   i - +0 dagger
rCold    . . .     Gourm    .   (no shield)
rNeg     . . .     Faith    .   a - +0 robe
rPois    .         Spirit   .   h - +0 helmet
rElec    .         Reflect  .   (no cloak)
rCorr    .         Harm     .   k - +0 pair of gloves
MR       .....     Rnd*Tele +   (no boots)
Stlth    ++........             (no amulet)
HPRegen  0.08/turn              (no ring)
MPRegen  0.12/turn              (no ring)

@: lethally poisoned (0 -> -3), hasted, very quick
A: molten scales 1, blurry vision 1, teleportitis 1
a: no special abilities


You were on level 3 of the Dungeon.
You were very hungry.

You visited 1 branch of the dungeon, and saw 3 of its levels.

You collected 90 gold pieces.

Inventory:

Hand Weapons
 i - a +0 dagger (weapon)
Armour
 a - a +0 robe (worn)
 h - a +0 helmet (worn)
 k - a +0 pair of gloves (worn)
Wands
 m - a wand of scattershot (6)
Scrolls
 e - a scroll of identify {unknown}
 f - 2 scrolls of enchant weapon {unknown}
 l - a scroll of enchant armour {unknown}
Potions
 j - a potion of heal wounds {unknown}
 n - a potion of agility {unknown}
Books
 b - a book of Frost

   Spells                             Type                      Level
   a - Freeze                         Ice                          1
   b - Throw Frost                    Conjuration/Ice              2
   c - Ozocubu's Armour               Charms/Ice                   3
   d - Throw Icicle                   Conjuration/Ice              4
   e - Summon Ice Beast               Ice/Summoning                4
Comestibles
 c - 4 rations


   Skills:
 - Level 2.6 Dodging
 - Level 2.6 Stealth
 - Level 3.4 Spellcasting
 - Level 1.1 Conjurations
 + Level 5.7 Ice Magic


You had 3 spell levels left.
You knew the following spells:

 Your Spells              Type           Power        Failure   Level  Hunger
a - Freeze                Ice            ####         1%          1    None
b - Throw Frost           Conj/Ice       ###...       4%          2    ##.....
c - Ozocubu's Armour      Chrm/Ice       ###.....     12%         3    ###....


Dungeon Overview and Level Annotations

Branches:
Dungeon (3/15)

Altars:


Innate Abilities, Weirdness & Mutations

You are partially covered in molten scales. (AC +2)
Scrolls take you a little longer to read.
You are occasionally teleported next to monsters.


Message History

Found 17 arrows.
Okay, then.
What are your orders? t - Shout!
Orders for allies: a - Attack new target. p - Attack previous target. r - Retreat! s - Stop attacking. g - Guard the area. f - Follow me.
Anything else - Cancel.
Retreat in which direction?
Press: ? - help, Dir - move target cursor, f - you, p - worm
Okay, then.
Okay, then.
It was a potion of mutation.
You feel extremely strange.
Your vision blurs.
You feel weirdly uncertain.
Molten scales grow over part of your body.
The hobgoblin closely misses you.
It was a potion of haste.
You feel yourself speed up. The adder closely misses you.
The hobgoblin barely misses you. The kobold hits you with a dagger.
You die...

....... ....... ....... ##
....... .####.
..o....##......#
.............?.# ..#
(..............##...
#@S......#....
#gK...........
###Sr........... +.
#####...............
..#####.....w#......##..#
)..........#..........#
.###.........S...##...###
.............######)##.....
..............####.##.####


You could see a worm, an adder, an orc (sleeping), a quokka, a hobgoblin, a ball
python and a kobold.

Vanquished Creatures
  A gnoll (D:1)
  6 adders
  A worm (D:2)
  2 dart slugs
  A leopard gecko (D:1)
  2 ball pythons
  3 giant cockroaches (D:2)
  6 goblins
  5 hobgoblins
  2 jackals (D:1)
  3 frilled lizards (D:2)
  4 kobolds
  4 rats
40 creatures vanquished.

Notes
Turn   | Place    | Note
-------+----------+-------------------------------------------
     0 | D:1      | AgrsvlyMoist the Deep Elf Ice Elementalist began the quest for the Orb.
     0 | D:1      | Reached XP level 1. HP: 10/10 MP: 6/6
   520 | D:1      | Reached XP level 2. HP: 15/15 MP: 5/8
   603 | D:1      | Learned a level 2 spell: Throw Frost
   895 | D:1      | Reached skill level 4 in Ice Magic
   940 | D:1      | Reached XP level 3. HP: 19/19 MP: 5/9
  1428 | D:2      | Reached skill level 5 in Ice Magic
  1639 | D:2      | Reached XP level 4. HP: 24/24 MP: 6/11
  1700 | D:2      | Learned a level 3 spell: Ozocubu's Armour
  2592 | D:3      | Gained mutation: Scrolls take you a little longer to read. [potion of mutation]
  2592 | D:3      | Gained mutation: You are occasionally teleported next to monsters. [potion of mutation]
  2592 | D:3      | Gained mutation: You are partially covered in molten scales. (AC +2) [potion of mutation]
  2593 | D:3      | Slain by a kobold

Skill      XL: |  1  2  3 |
---------------+----------+-----
Ice Magic      | 4 5 |  5.7
Dodging        | |  2.6
Stealth        | |  2.6
Spellcasting   | |  3.4
Conjurations   | |  1.1

Action                   |  1- 3 |  4- 6 || total
-------------------------+-------+-------++-------
Melee: Dagger            |     2 |    14 ||    16
 Cast: Freeze            |    21 |     7 ||    28
       Throw Frost       |    24 |    24 ||    48
  Use: Potion            |       |     2 ||     2
  Eat: Chunk             |     3 |     2 ||     5
Armor: Robe              |     2 |     3 ||     5
Dodge: Dodged            |    12 |    23 ||    35
